hackurai, lawful male human Samurai -------- |<.....| ------------- ##.......--- |...........O| ----- # |......... |...........u@#d#########-....####e##-........| |..........Ac| |>..| |........| ------------- |...| ---------- |...| |...| -.--- # hackurai the Joshu Experience level: 11 Strength: 18/36 Dexterity: 18 Constitution: 18 Intelligence: 8 Wisdom: 9 Charisma: 7 Health: 0(109) Energy: 38(38) Def: 20 Gold: 489 Moves: 21690 Dungeon seed: zMyNsywFx9pvRO3- Game ID: hackurai_1461070572 Your Inventory: Coins $ - 489 gold pieces Amulets g - an uncursed amulet of reflection (being worn) Weapons a - an uncursed +0 katana (weapon in hand) b - an uncursed +1 yumi (alternate weapon; not wielded) y - 39 uncursed +0 ya (in quiver) Armor A - a blessed +0 dwarvish mithril-coat (being worn) C - a blessed +1 dwarvish cloak (being worn) F - a blessed +3 pair of iron shoes (being worn) G - an uncursed +0 pair of gauntlets of dexterity (being worn) H - an uncursed +0 elven leather helm (being worn) S - an uncursed +0 elven shield (being worn) Comestibles J - an uncursed partly eaten lizard corpse Z - an uncursed pancake Wands c - an uncursed wand of digging (0:5) m - an uncursed wand of sleep (0:4) I - an uncursed wand of cancellation (0:3) K - an uncursed wand of slow monster (0:4) R - an uncursed wand of cold (0:1) U - an uncursed wand of make invisible (0:3) Tools k - an uncursed skeleton key l - an uncursed magic lamp (lit) q - an uncursed -1 unicorn horn named -1 w - an uncursed magic whistle B - an uncursed greased bag of holding P - an uncursed towel Gems n - an uncursed luckstone Contents of the bag of holding: 1501 gold pieces a cursed amulet of change 40 uncursed +2 arrows 3 uncursed +0 arrows 26 cursed +0 arrows an uncursed +0 dagger a blessed +0 elven dagger 17 uncursed poisoned +0 orcish arrows a blessed +1 silver saber a blessed +2 worm tooth an uncursed +0 T-shirt a blessed +0 cloak of displacement an uncursed +0 dwarvish cloak an uncursed +0 dwarvish roundshield an uncursed rotted +0 elven leather helm an uncursed +0 elven mithril-coat an uncursed +0 elven shield an uncursed +0 pair of elven boots a cursed -2 pair of fumble boots an uncursed +0 pair of yugake an uncursed banana 2 uncursed carrots an uncursed egg 3 uncursed fortune cookies 11 uncursed gunyoki an uncursed sprig of wolfsbane an uncursed tin of gelatinous cube 3 uncursed tripe rations a cursed scroll of create monster a blessed scroll of destroy armor an uncursed scroll of enchant armor a blessed scroll of identify an uncursed scroll of identify 2 uncursed scrolls of light an uncursed scroll of teleportation an uncursed scroll of water an uncursed spellbook of cause fear an uncursed spellbook of magic missile an uncursed potion of confusion an uncursed potion of gain ability an uncursed potion of invisibility an uncursed potion of levitation an uncursed potion of monster detection 2 uncursed potions of restore ability 2 uncursed potions of speed an uncursed ring of hunger an uncursed ring of levitation an uncursed wand of create monster (0:13) a blessed wand of digging (0:7) an uncursed wand of digging (0:5) an uncursed wand of magic missile (0:7) an uncursed wand of magic missile (0:4) an uncursed wand of sleep (0:5) an uncursed wand of striking (0:4) an uncursed bell an uncursed brass lantern (0:1487) an uncursed can of grease (0:19) an uncursed mirror an uncursed +0 pick-axe an uncursed skeleton key an uncursed tinning kit (0:90) an uncursed +0 unicorn horn an uncursed +0 unicorn horn an uncursed +0 unicorn horn 4 uncursed agate stones an uncursed jade stone an uncursed touchstone 4 uncursed worthless pieces of blue glass 12 uncursed worthless pieces of green glass an uncursed worthless piece of orange glass 4 uncursed worthless pieces of red glass 6 uncursed worthless pieces of violet glass 2 uncursed worthless pieces of white glass Spells and supernatural/magical abilities: Name Level Category Fail Memory W - pray for help -- divine ? -- Your skills at the end: Miscellaneous Skills martial arts [Basic] shield [Basic] wands [Basic] Weapon Skills short sword [Basic] long sword [Basic] bow [Basic] shuriken [Basic] Spellcasting Skills Final Attributes: You were devoutly aligned. You were cold resistant. You were sleep resistant. You were poison resistant. You were telepathic. You were protected. You had reflection. You were lucky. You had extra luck. Bad luck did not time out for you. Good luck did not time out for you. You are dead. Vanquished creatures: a titanothere 2 lurkers above 2 vampires 2 ghosts a queen bee 2 giant mimics a flesh golem an Elvenking a large mimic a long worm a stalker an air elemental a fire elemental 2 water elementals 4 hill giants 4 wargs 3 winter wolves 3 small mimics an island nymph 2 warhorses 2 xans an ettin mummy 2 quantum mechanics a troll a wood golem 2 pyrolisks 2 freezing spheres a flaming sphere 3 shocking spheres a large cat a tiger 2 gargoyles a dwarf king an ochre jelly a chameleon a leocrotta a mountain centaur 2 giants 2 elf mummies 2 red nagas 2 pythons a cobra 2 wraiths an ettin zombie a Grey-elf a soldier a succubus 4 incubi a giant beetle 2 cockatrices 9 wolves a winter wolf cub a lynx 3 leprechauns a quivering blob a lizard an orc-captain 5 giant spiders an iron piercer 3 horses an ice vortex 3 vampire bats 3 forest centaurs 3 gnome kings 2 orc mummies a dwarf mummy 11 ogres 10 brown puddings 4 rust monsters 2 owlbears 4 yetis a werewolf a Green-elf 11 chickatrices 2 dogs 2 dingos 2 housecats 3 jaguars 3 dwarf lords 2 blue jellies 2 gray unicorns 2 black unicorns a dust vortex 4 ravens a gnome mummy 2 snakes 3 apes 3 human zombies a rope golem 2 Woodland-elves 5 soldier ants 2 bugbears a quasit a wood nymph 10 Uruk-hai 3 rock moles 3 rock piercers 2 ponies 4 fog clouds 8 yellow lights 2 shriekers 2 violet fungi 11 gnome lords 5 gnomish wizards 2 kobold mummies a black naga hatchling a golden naga hatchling a guardian naga hatchling a barrow wight 3 elf zombies 5 ghouls a straw golem 10 giant ants a little dog 12 floating eyes 18 dwarves a homunculus a kobold lord 3 kobold shamans 5 iguanas 15 hill orcs 8 rothes 2 rabid rats 3 centipedes 3 giant bats 2 monkeys 11 orc zombies 2 wererats 2 werejackals 42 killer bees 2 coyotes 6 gas spores 5 hobbits 2 acid blobs 3 large kobolds 8 geckos 7 hobgoblins 5 giant rats 3 cave spiders a brown mold 5 yellow molds 61 gnomes 7 garter snakes 6 manes 3 gnome zombies 26 jackals 4 foxes 4 kobolds 17 newts 5 goblins 9 sewer rats 6 grid bugs 4 bats 12 lichens 5 kobold zombies 631 creatures vanquished. Voluntary challenges: You used a wielded weapon 1088 times, starting on turn 340. You read items or engraved 16 times, starting on turn 9783. You never genocided any monsters. You never polymorphed an object. You never changed form. You completed Sokoban on turn 6622, according to the rules. You used no wishes. You split 7 puddings, starting on turn 13730. You wrote Elbereth's name 16 times, starting on turn 9783. You never violated your personal moral code. Dungeon overview: The Dungeons of Doom: levels 1 to 21 Level 1 some fountains a long staircase Level 2 a general store stairs to The Gnomish Mines Level 3 a weapon shop, some fountains Level 4 a fountain Level 5 many fountains Level 6 an altar to Susanowo stairs to Sokoban Level 7 some altars to Raijin, a fountain Level 8 a fountain, a throne Level 9 Level 10 a fountain Level 11 (quest) a sink portal to The Quest Level 12 Level 13 an altar to Susanowo, a fountain Level 14 an altar to Susanowo, some fountains Level 15 (big room (open)) Level 16 Level 17 Level 18 (bought 1x (4pts)) a temple to Raijin, a fountain Level 19 a fountain Level 20 <- You were here Level 21 The Gnomish Mines: levels 3 to 10 Level 3 stairs to The Dungeons of Doom Level 4 Level 5 Level 6 many shops, a temple to Amaterasu Omikami, a magic chest, some fountains Level 7 Level 8 Level 9 Level 10 a magic chest, some fountains The Quest: Level 1 portal to The Dungeons of Doom Sokoban: levels 2 to 5 Level 2 a magic chest Level 3 Level 4 Level 5 a magic chest stairs to The Dungeons of Doom History has recorded: On T:1 you entered the Dungeons of Doom to retrieve the Amulet of Yendor! On T:106 you reached level 2 of The Dungeons of Doom. On T:623 you reached level 1 of The Gnomish Mines. On T:637 you reached level 2 of The Gnomish Mines. On T:709 you advanced to experience level 2. On T:724 you advanced to experience level 3. On T:784 you advanced to experience level 4. On T:1029 you reached level 3 of The Gnomish Mines. On T:1030 you advanced to experience level 5. On T:1297 you reached level 4 of The Gnomish Mines. On T:1369 you entered the Minetown temple On T:1451 you advanced to experience level 6. On T:1469 you opened a magic chest. On T:1735 you opened a magic chest. On T:1737 you opened a magic chest. On T:1738 you opened a magic chest. On T:1830 you opened a magic chest. On T:1831 you opened a magic chest. On T:1859 you reached level 5 of The Gnomish Mines. On T:1921 you advanced to experience level 7. On T:1960 you reached level 6 of The Gnomish Mines. On T:2102 you opened a magic chest. On T:2103 you opened a magic chest. On T:2570 you reached level 3 of The Dungeons of Doom. On T:2657 you reached level 4 of The Dungeons of Doom. On T:3120 you reached level 5 of The Dungeons of Doom. On T:3602 you reached level 6 of The Dungeons of Doom. On T:3678 you reached level 4 of Sokoban. On T:3794 you opened a magic chest. On T:3842 you opened a magic chest. On T:4022 you reached level 3 of Sokoban. On T:4282 you opened a magic chest. On T:4781 you reached level 2 of Sokoban. On T:4840 you advanced to experience level 8. On T:5668 you reached level 1 of Sokoban. On T:6622 you advanced to experience level 9. On T:6622 you entered the Sokoban zoo. On T:6744 you opened a magic chest. On T:7036 you reached level 7 of The Dungeons of Doom. On T:7690 you reached level 8 of The Dungeons of Doom. On T:7731 you reached level 9 of The Dungeons of Doom. On T:8567 you reached level 10 of The Dungeons of Doom. On T:8912 you reached level 11 of The Dungeons of Doom. On T:9300 you reached level 12 of The Dungeons of Doom. On T:9408 you reached level 13 of The Dungeons of Doom. On T:10302 you reached level 1 of The Quest. On T:10923 you advanced to experience level 10. On T:11609 you opened a magic chest. On T:11610 you opened a magic chest. On T:11644 you opened a magic chest. On T:12408 you opened a magic chest. On T:12412 you opened a magic chest. On T:12412 you opened a magic chest. On T:12466 you opened a magic chest. On T:12509 you opened a magic chest. On T:12529 you opened a magic chest. On T:12541 you opened a magic chest. On T:12712 you opened a magic chest. On T:12714 you opened a magic chest. On T:12762 you opened a magic chest. On T:13231 you reached level 7 of The Gnomish Mines. On T:13631 you reached level 8 of The Gnomish Mines. On T:13631 you reached the bottom of the Mines. On T:14155 you opened a magic chest. On T:14159 you opened a magic chest. On T:15104 you opened a magic chest. On T:15110 you opened a magic chest. On T:15373 you opened a magic chest. On T:15374 you opened a magic chest. On T:15438 you opened a magic chest. On T:15444 you opened a magic chest. On T:15574 you opened a magic chest. On T:15589 you opened a magic chest. On T:15594 you opened a magic chest. On T:15915 you opened a magic chest. On T:16207 you opened a magic chest. On T:16211 you opened a magic chest. On T:16633 you reached level 14 of The Dungeons of Doom. On T:16702 you advanced to experience level 11. On T:17217 you reached level 15 of The Dungeons of Doom. On T:19260 you reached level 16 of The Dungeons of Doom. On T:19666 you reached level 17 of The Dungeons of Doom. On T:20025 you reached level 18 of The Dungeons of Doom. On T:20725 you reached level 19 of The Dungeons of Doom. On T:21325 you reached level 20 of The Dungeons of Doom. On T:21567 you reached level 21 of The Dungeons of Doom. Score breakdown: Gold: 1990 ( 199 points) Experience: 11 levels ( 1000 points) Exploration: 21 levels ( 600 points) Discoveries: 25 items ( 1250 points) Variety of kills: 155 monsters ( 2000 points) Major goal: Sokoban/Mines ( 1500 points) Survival: died (score multiplied by 3) Total score: 19647 Latest messages: You hack the ogre king! The pony kicks! The pony bites! The ogre king swings his club. The ogre king just misses! The cockatrice misses. The cockatrice touches you! The pony kicks! The pony misses. The ogre king swings his club. The ogre king hits you! The ogre king swings his club. The ogre king hits you! You die... Final status: Sayonara hackurai the Samurai, killed by an ogre king... You died in The Dungeons of Doom on dungeon level 20 with 19647 points, and 1990 pieces of gold, after 21690 moves. You were level 11 with a maximum of 109 hit points when you died.